3AA
MARQUETTE MINERS @ SAN BERNARDINO GRASSHOPPERS
08/02/2029
 
TOP OF THE 1ST
Marquette Miners batting - Pitching for San Bernardino Grasshoppers : RHP Behar Jusufi
Pitching: RHP Behar Jusufi
Batting: RHB Juan Tellado 0-0: Foul Ball, location: 2F
0-1: Foul Ball, location: 2F
0-2: Fly out, F7 (Flyball, 78M)
Batting: LHB Francisco Alfaro 0-0: SINGLE (Groundball, 34S) (infield hit)
Batting: RHB Edgar Balerio 0-0: Fielders Choice at 2nd, 1-6 (Groundball, 13S)
Batting: LHB Shelby Noonan 0-0: Ball
1-0: Ground out 4-3 (Groundball, 4)
Top of the 1st over - 0 runs, 1 hit, 0 errors, 1 left on base; Marquette 0 - San Bernardino 0
BOTTOM OF THE 1ST
San Bernardino Grasshoppers batting - Pitching for Marquette Miners : RHP Carson Vancuren
Pitching: RHP Carson Vancuren
Batting: RHB Oscar Gandarilla 0-0: Called Strike
0-1: Ball
1-1: DOUBLE (Flyball, 8RXD)
Batting: RHB Kelly Harris 0-0: Ball
1-0: Ground out U3 (Groundball, 3)
Oscar Gandarilla to third
Batting: RHB Griffin Woodfinlevine 0-0: Ball
1-0: Ball
2-0: Foul Ball, location: 2F
2-1: Called Strike
2-2: Ball
3-2: Foul Ball, location: 2F
3-2: Strikes out looking
Batting: RHB Claudio Tappen 0-0: Called Strike
0-1: Ball
1-1: Swinging Strike
1-2: Ball
2-2: Ground out 5-3 (Groundball, 56)
Bottom of the 1st over - 0 runs, 1 hit, 0 errors, 1 left on base; Marquette 0 - San Bernardino 0
TOP OF THE 2ND
Marquette Miners batting - Pitching for San Bernardino Grasshoppers : RHP Behar Jusufi
Batting: RHB Manuel Rosales 0-0: Foul Ball, location: 2F
0-1: Ball
1-1: Ball
2-1: Swinging Strike
2-2: SINGLE (Groundball, 6MD)
Batting: LHB Greg Gross 0-0: Grounds into double play, 5-4-3 (Groundball, 5)
Batting: LHB Dong-hwan Yun 0-0: Called Strike
0-1: Ball
1-1: Swinging Strike
1-2: SINGLE (Line Drive, 9S)
Batting: RHB Sameen Shaw 0-0: Called Strike
Dong-hwan Yun is caught stealing 2nd base
Top of the 2nd over - 0 runs, 2 hits, 0 errors, 0 left on base; Marquette 0 - San Bernardino 0
BOTTOM OF THE 2ND
San Bernardino Grasshoppers batting - Pitching for Marquette Miners : RHP Carson Vancuren
Batting: RHB Apu Nahasapeemapetilon 0-0: Ball
1-0: Ball
2-0: Ball
3-0: Base on Balls
Batting: RHB Cisco Feijoo 0-0: Ball
1-0: Ball
2-0: Foul Ball, location: 2F
2-1: Foul Ball, location: 2F
2-2: DOUBLE (Line Drive, 9LS)
Apu Nahasapeemapetilon to third
Batting: RHB Ronald Comejo 0-0: Fly out, F5 (Line Drive, 56)
Batting: RHB Jorge Estrada 0-0: Called Strike
0-1: Swinging Strike
0-2: DOUBLE (Groundball, 3L)
Apu Nahasapeemapetilon scores
Cisco Feijoo scores
Batting: LHB Harold Wiggins 0-0: Called Strike
0-1: Fly out, F7 (Flyball, 7S)
Batting: RHB Oscar Gandarilla 0-0: Fly out, F9 (Flyball, 9LMF)
Bottom of the 2nd over - 2 runs, 2 hits, 0 errors, 1 left on base; Marquette 0 - San Bernardino 2
TOP OF THE 3RD
Marquette Miners batting - Pitching for San Bernardino Grasshoppers : RHP Behar Jusufi
Batting: RHB Sameen Shaw 0-0: Ball
1-0: Called Strike
1-1: Ball
2-1: Ground out 5-3 (Groundball, 5)
Batting: RHB Ryan French 0-0: Ball
1-0: DOUBLE (Groundball, 3L)
Batting: RHB Juan Tellado 0-0: Ball
1-0: Ball
2-0: Ball
3-0: Called Strike
3-1: SINGLE (Line Drive, 34D)
Ryan French to third
Batting: LHB Francisco Alfaro 0-0: Ball
1-0: Ball
Juan Tellado is caught stealing 2nd base
2-0: Foul Ball, location: 2F
2-1: Foul Ball, location: 2F
2-2: Strikes out swinging
Top of the 3rd over - 0 runs, 2 hits, 0 errors, 1 left on base; Marquette 0 - San Bernardino 2
BOTTOM OF THE 3RD
San Bernardino Grasshoppers batting - Pitching for Marquette Miners : RHP Carson Vancuren
Batting: RHB Kelly Harris 0-0: Ball
1-0: Ball
2-0: Ball
3-0: Called Strike
3-1: Base on Balls
Batting: RHB Griffin Woodfinlevine 0-0: Foul Ball, location: 2F
0-1: Ball
1-1: Foul Ball, location: 2F
1-2: Foul Ball, location: 2F
1-2: Ball
2-2: Fly out, F9 (Flyball, 89D)
Batting: RHB Claudio Tappen 0-0: Called Strike
0-1: Ball
1-1: Called Strike
1-2: Foul Ball, location: 2F
1-2: Ball
Wild Pitch!
Kelly Harris to second
2-2: Ball
3-2: 2-RUN HOME RUN (Flyball, 7D), Distance : 391 ft
Batting: RHB Apu Nahasapeemapetilon 0-0: Ball
1-0: Called Strike
1-1: Ball
2-1: Ground out 5-3 (Groundball, 56S)
Batting: RHB Cisco Feijoo 0-0: Ball
1-0: TRIPLE (Flyball, 9LD)
Batting: RHB Ronald Comejo 0-0: Foul Ball, location: 2F
0-1: Hit by Pitch
Batting: RHB Jorge Estrada 0-0: Ball
1-0: Ball
2-0: Called Strike
2-1: Ball
3-1: DOUBLE (Line Drive, 78XD)
Cisco Feijoo scores
Ronald Comejo to third
Runner from 3rd tries for Home, SAFE, no throw
Batting: LHB Harold Wiggins 0-0: Called Strike
0-1: Fly out, F8 (Flyball, 8RM)
Bottom of the 3rd over - 4 runs, 3 hits, 0 errors, 1 left on base; Marquette 0 - San Bernardino 6
TOP OF THE 4TH
Marquette Miners batting - Pitching for San Bernardino Grasshoppers : RHP Behar Jusufi
Batting: RHB Edgar Balerio 0-0: Ball
1-0: Fly out, F4 (Popup, 34S)
Batting: LHB Shelby Noonan 0-0: Called Strike
0-1: Fly out, F8 (Flyball, 8RS)
Batting: RHB Manuel Rosales 0-0: Ball
1-0: Ball
2-0: Called Strike
2-1: Ball
3-1: Called Strike
3-2: Base on Balls
Batting: LHB Greg Gross 0-0: Called Strike
0-1: Called Strike
0-2: Ball
1-2: Fly out, F9 (Flyball, 89S)
Top of the 4th over - 0 runs, 0 hits, 0 errors, 1 left on base; Marquette 0 - San Bernardino 6
BOTTOM OF THE 4TH
San Bernardino Grasshoppers batting - Pitching for Marquette Miners : RHP Carson Vancuren
Batting: RHB Oscar Gandarilla 0-0: Ball
1-0: Called Strike
1-1: Reached on error, E6 (Groundball, 6)
Batting: RHB Kelly Harris 0-0: Called Strike
0-1: Called Strike
Oscar Gandarilla steals 2nd base
0-2: Ball
1-2: Ball
2-2: Strikes out looking
Batting: RHB Griffin Woodfinlevine 0-0: Ball
1-0: Ground out 6-3 (Groundball, 6)
Oscar Gandarilla to third
Batting: RHB Claudio Tappen 0-0: Ball
1-0: Foul Ball, location: 2F
1-1: Ball
2-1: Foul Ball, location: 2F
2-2: Ball
3-2: Base on Balls
Batting: RHB Apu Nahasapeemapetilon 0-0: Called Strike
0-1: Swinging Strike
0-2: Ball
1-2: Foul Ball, location: 2F
1-2: Ball
2-2: Ball
3-2: Foul Ball, location: 2F
3-2: Ground out 4-3 (Groundball, 4)
Bottom of the 4th over - 0 runs, 0 hits, 1 error, 2 left on base; Marquette 0 - San Bernardino 6
TOP OF THE 5TH
Marquette Miners batting - Pitching for San Bernardino Grasshoppers : RHP Behar Jusufi
Batting: LHB Dong-hwan Yun 0-0: Ground out 6-3 (Groundball, 6)
Batting: RHB Sameen Shaw 0-0: Swinging Strike
0-1: Swinging Strike
0-2: Strikes out looking
Batting: RHB Ryan French 0-0: Foul Ball, location: 2F
0-1: Ball
1-1: Ball
2-1: Ball
3-1: Ground out 6-3 (Groundball, 6)
Top of the 5th over - 0 runs, 0 hits, 0 errors, 0 left on base; Marquette 0 - San Bernardino 6
BOTTOM OF THE 5TH
San Bernardino Grasshoppers batting - Pitching for Marquette Miners : RHP Carson Vancuren
Batting: RHB Cisco Feijoo 0-0: Ball
1-0: Swinging Strike
1-1: Ball
2-1: Foul Ball, location: 2F
2-2: Ball
3-2: Foul Ball, location: 2F
3-2: Base on Balls
Batting: RHB Ronald Comejo 0-0: SINGLE (Flyball, 89M)
Cisco Feijoo to second
Batting: RHB Jorge Estrada 0-0: Fly out, F7 (Flyball, 78M)
Batting: LHB Harold Wiggins 0-0: Foul Ball, location: 2F
0-1: Called Strike
0-2: Ball
1-2: Ball
2-2: Fly out, F8 (Flyball, 78M)
Batting: RHB Oscar Gandarilla 0-0: Called Strike
0-1: Ball
1-1: Ground out 5-3 (Groundball, 56S)
Bottom of the 5th over - 0 runs, 1 hit, 0 errors, 2 left on base; Marquette 0 - San Bernardino 6
TOP OF THE 6TH
Marquette Miners batting - Pitching for San Bernardino Grasshoppers : RHP Behar Jusufi
Batting: RHB Juan Tellado 0-0: TRIPLE (Line Drive, 78XD)
Batting: LHB Francisco Alfaro 0-0: Ball
1-0: Swinging Strike
1-1: Foul Ball, location: 2F
1-2: Ball
2-2: Strikes out looking
Batting: RHB Edgar Balerio 0-0: Foul Ball, location: 2F
0-1: Ball
1-1: Ball
2-1: Fly out, F7 (Flyball, 78M)
Runner from 3rd tags up, SCORES, throw made
Batting: LHB Shelby Noonan 0-0: Ball
1-0: Foul Ball, location: 2F
1-1: Foul Ball, location: 2F
1-2: Ball
2-2: Ball
3-2: Fly out, F7 (Flyball, 7LMF)
Top of the 6th over - 1 run, 1 hit, 0 errors, 0 left on base; Marquette 1 - San Bernardino 6
BOTTOM OF THE 6TH
San Bernardino Grasshoppers batting - Pitching for Marquette Miners : RHP Carson Vancuren
Pitching: RHP James Neutron
Batting: RHB Kelly Harris 0-0: Ball
1-0: Ball
2-0: Called Strike
2-1: Ball
3-1: Base on Balls
Batting: RHB Griffin Woodfinlevine 0-0: Called Strike
Kelly Harris steals 2nd base
0-1: Foul Ball, location: 2F
0-2: Foul Ball, location: 2F
0-2: Ball
1-2: Fly out, F8 (Line Drive, 89M)
Batting: RHB Claudio Tappen 0-0: Ball
1-0: Ball
2-0: Called Strike
2-1: SINGLE (Line Drive, 8LS)
Kelly Harris to third
Runner from 3rd tries for Home, SAFE, no throw
Batting: RHB Apu Nahasapeemapetilon 0-0: Ball
1-0: Called Strike
1-1: Ball
2-1: Fly out, F4 (Popup, 4D)
Batting: RHB Cisco Feijoo 0-0: Called Strike
0-1: Ground out 1-3 (Groundball, P)
Bottom of the 6th over - 1 run, 1 hit, 0 errors, 1 left on base; Marquette 1 - San Bernardino 7
TOP OF THE 7TH
Marquette Miners batting - Pitching for San Bernardino Grasshoppers : RHP Behar Jusufi
Batting: RHB Manuel Rosales 0-0: Ball
1-0: Foul Ball, location: 2F
1-1: Foul Ball, location: 2F
1-2: Foul Ball, location: 2F
1-2: Fly out, F9 (Flyball, 89S)
Batting: LHB Greg Gross 0-0: Called Strike
0-1: Called Strike
0-2: SINGLE (Groundball, 56D)
Batting: LHB Dong-hwan Yun 0-0: Ball
1-0: Ball
2-0: Called Strike
2-1: Foul Ball, location: 2F
2-2: Ball
3-2: Foul Ball, location: 2F
3-2: Foul Ball, location: 2F
3-2: Strikes out swinging
Batting: RHB Sameen Shaw 0-0: Ball
1-0: Fielders Choice at 2nd, 5-4 (Groundball, 56)
Top of the 7th over - 0 runs, 1 hit, 0 errors, 1 left on base; Marquette 1 - San Bernardino 7
BOTTOM OF THE 7TH
San Bernardino Grasshoppers batting - Pitching for Marquette Miners : RHP James Neutron
Batting: RHB Ronald Comejo 0-0: Ball
1-0: Ground out 4-3 (Groundball, 4S)
Batting: RHB Jorge Estrada 0-0: Foul Ball, location: 2F
0-1: Ball
1-1: Called Strike
1-2: Ball
2-2: Foul Ball, location: 2F
2-2: Ground out 5-3 (Groundball, 56S)
Batting: LHB Harold Wiggins 0-0: Fly out, F7 (Line Drive, 7)
Bottom of the 7th over - 0 runs, 0 hits, 0 errors, 0 left on base; Marquette 1 - San Bernardino 7
TOP OF THE 8TH
Marquette Miners batting - Pitching for San Bernardino Grasshoppers : RHP Behar Jusufi
Batting: RHB Ryan French 0-0: Ball
1-0: Ball
2-0: Foul Ball, location: 2F
2-1: Ball
3-1: Base on Balls
Pitching: LHP Xavier Medina
Batting: RHB Juan Tellado 0-0: Ball
1-0: Swinging Strike
1-1: SINGLE (Line Drive, 78S)
Ryan French to second
Batting: LHB Francisco Alfaro 0-0: Called Strike
0-1: Foul Ball, location: 2F
0-2: Foul Ball, location: 2F
0-2: Foul Ball, location: 2F
0-2: Foul Ball, location: 2F
0-2: Strikes out looking
Batting: RHB Edgar Balerio 0-0: Foul Ball, location: 2F
0-1: Fly out, F9 (Flyball, 89M)
Batting: LHB Shelby Noonan 0-0: Ball
1-0: Called Strike
1-1: Ball
2-1: Fly out, F7 (Flyball, 7S)
Top of the 8th over - 0 runs, 1 hit, 0 errors, 2 left on base; Marquette 1 - San Bernardino 7
BOTTOM OF THE 8TH
San Bernardino Grasshoppers batting - Pitching for Marquette Miners : RHP James Neutron
Batting: RHB Oscar Gandarilla 0-0: Ball
1-0: SINGLE (Line Drive, 9S)
Batting: RHB Kelly Harris 0-0: 2-RUN HOME RUN (Line Drive, 7LD), Distance : 343 ft
Batting: RHB Griffin Woodfinlevine 0-0: Fly out, F4 (Popup, 4)
Batting: RHB Claudio Tappen 0-0: SINGLE (Flyball, 78S)
Batting: RHB Apu Nahasapeemapetilon 0-0: Foul Ball, location: 2F
0-1: Swinging Strike
0-2: Ball
1-2: SINGLE (Flyball, 9LS)
Claudio Tappen to second
Runner from 2nd tries for 3rd, SAFE, no throw
Batting: RHB Cisco Feijoo 0-0: Ball
1-0: Fly out, F9 (Flyball, 9LM)
Runner from 3rd tags up, SCORES, no throw
Batting: RHB Ronald Comejo 0-0: Hit by Pitch
Apu Nahasapeemapetilon to second
Batting: RHB Jorge Estrada 0-0: Foul Ball, location: 2F
0-1: Ball
1-1: SINGLE (Groundball, 6D)
Apu Nahasapeemapetilon to third
Ronald Comejo to second
Runner from 3rd tries for Home, SAFE, no throw
Batting: LHB Harold Wiggins 0-0: Foul Ball, location: 2F
0-1: SINGLE (Groundball, 4MD)
Ronald Comejo to third
Jorge Estrada to second
Runner from 3rd tries for Home, SAFE, no throw
Batting: RHB Oscar Gandarilla 0-0: Fly out, F2 (Popup, 13S)
Bottom of the 8th over - 5 runs, 6 hits, 0 errors, 2 left on base; Marquette 1 - San Bernardino 12
TOP OF THE 9TH
Marquette Miners batting - Pitching for San Bernardino Grasshoppers : LHP Xavier Medina
Batting: RHB Manuel Rosales 0-0: Called Strike
0-1: Foul Ball, location: 2F
0-2: Ground out U3 (Groundball, 23)
Batting: LHB Greg Gross 0-0: Ball
1-0: Swinging Strike
1-1: Foul Ball, location: 2F
1-2: Fly out, F8 (Line Drive, 8LS)
Batting: LHB Dong-hwan Yun 0-0: Swinging Strike
0-1: Ball
1-1: Foul Ball, location: 2F
1-2: Foul Ball, location: 2F
1-2: Foul Ball, location: 2F
1-2: Strikes out swinging
Top of the 9th over - 0 runs, 0 hits, 0 errors, 0 left on base; Marquette 1 - San Bernardino 12
Tuesday, December 19th, 2017 - OOTP Baseball 18.8 Build 76